 Dungeon Crawl Stone Soup version 0.31-a0-161-gb58dd9be76 (webtiles) character file.

Game seed: 11615078943734589091

445 qw the Shooter (level 7, -10/43 HPs)
             Began as a Gargoyle Hunter on June 12, 2023.
             Mangled by an ogre
             ... wielding a +0 giant spiked club
              (26 damage)
             ... on level 4 of the Dungeon.
             The game lasted 00:01:31 (2619 turns).

qw the Shooter (Gargoyle Hunter)                    Turns: 2619, Time: 00:01:31

Health: -10/43     AC: 12    Str: 14    XL:     7   Next: 3%
Magic:  0/7        EV: 12    Int: 10    God:
Gold:   50         SH:  0    Dex: 15    Spells: 6/6 levels left

rFire   + + .        Y - +0 shortbow
rCold   + + .        (shield currently unavailable)
rNeg    + + .        d - +3 robe of the Sea {rF+ rN+ rCorr Archmagi}
rPois   inf          (no helmet)
rElec   +            l - +2 cloak
rCorr   +            (no gloves)
SInv    .            (no boots)
Will    +....        e - amulet of guardian spirit
Stlth   ++           c - ring of protection from cold
HPRegen 0.27/turn    m - ring of willpower
MPRegen 0.10/turn

%: guardian spirit, archmagi
@: no status effects
A: sickness immunity, AC +4, negative energy resistance 1, electricity
resistance, torment resistance 1, petrification resistance, cold resistance 1,
fire resistance 1
a: no special abilities


You were on level 4 of the Dungeon.
You visited 1 branch of the dungeon, and saw 5 of its levels.

You collected 198 gold pieces.
You spent 148 gold pieces at shops.


Innate Abilities, Weirdness & Mutations

You are immune to sickness and miasma.
Your stone body is resilient. (AC +4)
You are immune to poison.
You resist negative energy. (rN+)
You are resistant to electric shocks. (rElec)
You are resistant to unholy torment.
You are immune to petrification.
Your flesh is cold resistant. (rC+)
Your flesh is heat resistant. (rF+)


   Skills:
 - Level 4.1 Fighting
 + Level 7.1 Ranged Weapons
 - Level 1.0 Armour
 - Level 2.0 Dodging
 - Level 1.1 Stealth


You had 6 spell levels left.
You didn't know any spells.
Your spell library was empty.

Inventory:

Hand Weapons
 Y - a +0 shortbow (weapon)
Armour
 d - the +3 robe of the Sea (worn) {rF+ rN+ rCorr Archmagi}
   (You took it off a kobold on level 2 of the Dungeon)

   rF:        It protects you from fire.
   rN:        It protects you from negative energy.
   rCorr:     It protects you from acid and corrosion.
   Archmagi:  It increases the power of your magical spells.
 l - a +2 cloak (worn)
Jewellery
 c - a ring of protection from cold (left hand)
 e - an amulet of guardian spirit (around neck)
 m - a ring of willpower (right hand)
Scrolls
 a - 2 scrolls of identify
 h - 3 scrolls of enchant armour
 i - a scroll of teleportation
Potions
 f - a potion of mutation
 g - a potion of curing
 k - a potion of attraction

Dungeon Overview and Level Annotations

Branches:
Dungeon (5/15)
 Temple: D:4-7

Altars:
Fedhas
Gozag
Vehumet

Shops:
D:3 ?


Message History

The ogre hits you with a +0 giant spiked club!
The jelly barely misses you.
2613 ||| STAIRDANCE The adder bites you but does no damage.
The jelly barely misses you.
You climb upwards.
There is a stone staircase leading down here.
Enter note:
Enter note:
Enter note:
Enter note:
Enter note:
Enter note:
Enter note:
Enter note:
Enter note:
Enter note:
Enter note:
Enter note: You shoot an arrow.
The arrow hits the jelly!
The jelly is severely wounded.
The adder barely misses you.
The ogre hits you with a +0 giant spiked club!
The adder closely misses you. The jelly hits you but does no damage.
You shoot an arrow. The arrow hits the jelly!
You kill the jelly!
The adder closely misses you.
The ogre hits you with a +0 giant spiked club.
You have reached level 7!
You shoot an arrow. The arrow hits the ogre.
The ogre is lightly wounded.
The adder closely misses you.
You shoot an arrow. The arrow hits the ogre!
The ogre is heavily wounded.
The adder misses you. The ogre barely misses you. The adder misses you.
You shoot an arrow. The arrow hits the ogre.
The ogre is severely wounded.
The adder closely misses you.
The ogre hits you with a +0 giant spiked club!!
Ouch! That really hurt!
You die...

.......................## #.###
...........#............# #.# #
..>.....................#####.###
########....#####.#......###.....
#....# ##.#.............. #....#
###.#.....##....... #######....#
#..................
#..........###S.......##........
#..............@................
#..............O..:..!###.......
#######...............####......
########........###.......
#........###.......
#........###.......
############.......
###########.......
############......


You could see an ogre and an adder.

Vanquished Creatures
  A scorpion (D:4)
  A howler monkey (D:4)
  2 jellies (D:4)
  A hound (D:4)
  An orc priest (D:3)
  10 gnolls
  5 adders
  2 worms
  2 dart slugs (D:1)
  5 orcs (D:3)
  12 endoplasms
  3 giant cockroaches
  6 goblins
  4 hobgoblins
  2 jackals (D:1)
  A quokka (D:1)
  5 ball pythons
  5 bats
  3 frilled lizards
  7 kobolds
  6 rats
84 creatures vanquished.

Notes
Turn   | Place    | Note
-------+----------+-------------------------------------------
     0 | D:1      | qw the Gargoyle Hunter began the quest for the Orb.
     0 | D:1      | Reached XP level 1. HP: 12/12 MP: 1/1
     0 | D:1      | 0 ||| qw: Version: 0.2-a-29-gc1b59c4
     0 | D:1      | 0 ||| qw: Game counter: 4248
     0 | D:1      | 0 ||| qw: Always use a shield: true
     0 | D:1      | 0 ||| qw: God list: Okawaru
     0 | D:1      | 0 ||| qw: Allow faded altars: false
     0 | D:1      | 0 ||| qw: Do Orc after D:15 true
     0 | D:1      | 0 ||| qw: Do second Lair branch before Depths: true
     0 | D:1      | 0 ||| qw: Lair rune preference: random
     0 | D:1      | 0 ||| qw: Plans: Normal, Zot:1-4, Slime:5, God:TSO, Crypt,
                  | Tomb, Abyss, Pan, Hells, Win
     0 | D:1      | 0 ||| PLANNING D:1-11
    23 | D:1      | Found a faded altar of an unknown god.
    44 | D:1      | 44 ||| FLEEEEING.
    45 | D:1      | 45 ||| FLEEEEING.
    46 | D:1      | 46 ||| FLEEEEING.
    47 | D:1      | 47 ||| FLEEEEING.
    70 | D:1      | Reached XP level 2. HP: 17/17 MP: 2/2
   597 | D:1      | Reached XP level 3. HP: 21/21 MP: 3/3
   737 | D:1      | 737 ||| UPGRADING to +0 ring mail.
   747 | D:1      | 747 ||| DROPPING +0 leather armour.
   748 | D:1      | 748 ||| UPGRADING to amulet of guardian spirit.
   753 | D:1      | 753 ||| READING scroll labelled GIUSHR TAOBY.
   754 | D:1      | 754 ||| READING scroll labelled YSHRUCL TADINA.
   755 | D:1      | 755 ||| DROPPING scroll of butterflies.
   872 | D:2      | Identified the +3 robe of the Sea {rF+ rN+ rCorr Archmagi}
   944 | D:2      | Reached skill level 1 in Armour
   980 | D:2      | Reached skill level 5 in Ranged Weapons
  1252 | D:2      | Reached XP level 4. HP: 27/27 MP: 4/4
  1278 | D:2      | Reached skill level 3 in Fighting
  1307 | D:2      | 1307 ||| UPGRADING to +3 robe of the Sea {rF+ rN+ rCorr
                  | Archmagi}.
  1317 | D:2      | 1317 ||| DROPPING +0 ring mail.
  1318 | D:2      | 1318 ||| READING scroll labelled USCHI UZEDGHE.
  1319 | D:2      | 1319 ||| READING scroll labelled SUOWIS BOAZUV.
  1320 | D:2      | 1320 ||| READING scroll labelled LOBUUN FAIFO.
  1321 | D:2      | 1321 ||| READING scroll labelled CAYMPI VENOO.
  1322 | D:2      | 1322 ||| READING scroll labelled NAICSA TETOLOM.
  1323 | D:2      | 1323 ||| READING 2 scrolls labelled GYTAUTS QOAWI.
  1327 | D:2      | 1327 ||| DRINKING 2 brown potions.
  1559 | D:3      | Found an opulent altar of Gozag.
  1615 | D:3      | Found a blossoming altar of Fedhas.
  1615 | D:3      | Found a radiant altar of Vehumet.
  1643 | D:3      | Reached XP level 5. HP: 12/32 MP: 2/5
  1846 | D:3      | Found Fewuj's Magic Scroll Boutique.
  1860 | D:3      | 1860 ||| BUYING scroll of enchant armour (82 gold).
  1860 | D:3      | Bought a scroll of enchant armour for 82 gold pieces
  1860 | D:3      | 1860 ||| BUYING scroll of identify (22 gold).
  1860 | D:3      | Bought a scroll of identify for 22 gold pieces
  1860 | D:3      | 1860 ||| BUYING scroll of identify (22 gold).
  1860 | D:3      | Bought a scroll of identify for 22 gold pieces
  1860 | D:3      | 1860 ||| BUYING scroll of identify (22 gold).
  1860 | D:3      | Bought a scroll of identify for 22 gold pieces
  1860 | D:3      | 1860 ||| SHOPLISTING scroll of identify (22 gold, have 7).
  1870 | D:3      | 1870 ||| UPGRADING to ring of protection from cold.
  1871 | D:3      | 1871 ||| READING scroll labelled FUHIHE AMEM.
  1872 | D:3      | 1872 ||| DRINKING 2 sapphire potions.
  1872 | D:3      | Gained mutation: Your spells are a little easier to cast,
                  | but a little less powerful. [potion of mutation]
  1872 | D:3      | Lost mutation: Your spells are a little easier to cast, but
                  | a little less powerful. [potion of mutation]
  1872 | D:3      | Gained mutation: Your flesh is heat resistant. (rF+)
                  | [potion of mutation]
  1872 | D:3      | Gained mutation: Your flesh is cold resistant. (rC+)
                  | [potion of mutation]
  1873 | D:3      | 1873 ||| READING 4 scrolls of identify.
  1873 | D:3      | 1873 ||| IDENTIFYING bubbling yellow potion
  1874 | D:3      | 1874 ||| READING 3 scrolls of identify.
  1874 | D:3      | 1874 ||| IDENTIFYING bubbling amethyst potion
  1875 | D:3      | 1875 ||| DROPPING potion of enlightenment.
  1901 | D:4      | 1901 ||| STAIRDANCE
  1908 | D:3      | HP: 5/32 [gnoll/+0 club (4)]
  1909 | D:3      | 1909 ||| READING scroll of teleportation.
  2045 | D:4      | 2045 ||| STAIRDANCE
  2070 | D:4      | Reached skill level 6 in Ranged Weapons
  2070 | D:4      | 2070 ||| STAIRDANCE
  2136 | D:4      | Reached XP level 6. HP: 34/38 MP: 6/6
  2309 | D:4      | Reached skill level 7 in Ranged Weapons
  2572 | D:4      | 2572 ||| UPGRADING to +1 cloak.
  2577 | D:4      | 2577 ||| READING 4 scrolls of enchant armour.
  2577 | D:4      | 2577 ||| ENCHANTING +1 cloak.
  2578 | D:4      | 2578 ||| UPGRADING to ring of willpower.
  2579 | D:4      | 2579 ||| READING scroll labelled NUHERA IZACURI.
  2580 | D:4      | 2580 ||| READING scroll labelled VIZXITEKKOI.
  2601 | D:4      | 2601 ||| READING 3 scrolls of identify.
  2601 | D:4      | 2601 ||| IDENTIFYING fuming cyan potion
  2602 | D:4      | 2602 ||| DROPPING potion of degeneration.
  2610 | D:5      | Entered Level 5 of the Dungeon
  2611 | D:5      | 2611 ||| PLANNING SEWER
  2613 | D:5      | 2613 ||| STAIRDANCE
  2617 | D:4      | Reached XP level 7. HP: 16/43 MP: 3/7
  2619 | D:4      | Mangled by an ogre

Levels and vault maps discovered:
D:1:      wander_arrival_chamber, layout_basic,
          shapermc_ecumenical_altar_starsandcircs
D:2:      layout_rooms, serial_bayou_crossing
D:3:      layout_rooms, mainiacjoe_overflow_small_starburst,
          gammafunk_temple_overflow_wave, serial_shops, shop
D:4:      layout_rooms
D:5:      lemuel_ratsnest, layout_basic, nicolae_wu_jian_wuxing_cycle,
          minmay_temple_entry_trees, cheibrodos_sewer_entry_sluice,
          serial_glass, glass_columns_b, glass_columns_a, item_on_display_a,
          due_unseen_surprise, nicolae_fountain_basement, uniq_sigmund,
          uniq_menkaure, uniq_crazy_yiuf_cottage, uniq_blork_the_orc

Skill      XL: |  1  2  3  4  5  6 |
---------------+-------------------+-----
Armour         | 1 |  1.0
Ranged Weapons | 5 6 7 |  7.1
Fighting       | 3 4 |  4.1
Dodging        | 2 |  2.0
Stealth        | |  1.1

Action                     |  1- 3 |  4- 6 |  7- 9 || total
---------------------------+-------+-------+-------++-------
   Fire: Shortbow          |   123 |   221 |     3 ||   347
    Use: Scroll            |     2 |    14 |       ||    16
         Potion            |       |     2 |       ||     2
 Armour: Leather armour    |     5 |       |       ||     5
         Ring mail         |    10 |     3 |       ||    13
         Robe              |       |    64 |       ||    64
  Dodge: Dodged            |    26 |   106 |     5 ||   137

Table legend:
 A = Non-vault XP
 B = Vault XP
 C = Vault XP percentage of total XP
 D = Non-vault monster count
 E = Vault monster count
 F = Vault count percentage of total count
                 A         B        C        D         E       F
            +---------+---------+-------+---------+---------+-------
      Total |     593 |      43 |   6.8 |      83 |       1 |   1.2
            +---------+---------+-------+---------+---------+-------
        D:1 |      38 |       0 |   0.0 |      22 |       0 |   0.0
        D:2 |      46 |       0 |   0.0 |      21 |       0 |   0.0
        D:3 |     121 |       0 |   0.0 |      21 |       0 |   0.0
        D:4 |     388 |      43 |  10.0 |      19 |       1 |   5.0
            +---------+---------+-------+---------+---------+-------
